Map: Proxima Station LE

Players

Ziggy - Winner!

  • Race: Terran Terran
  • Spawn Location: 1:00

Hymy

  • Race: Protoss Protoss
  • Spawn Location: 7:00

Event: WCS Jonkoping 2017

VOD

Have the link to the VOD?

Description

Time

  • Played on: June 17, 2017, 6:32 a.m.
  • Length: 13:40

All games in this series

Show
View Real Time Build Order
Export as new Build Order

Ziggy Terran - Winner!

Build Orders: Reaper Expand 

Get SALT Encoding   

  12  0:00  SCV  
  13  0:13  SCV  
  14  0:18  Supply Depot  
  14  0:25  SCV  
  15  0:30  Refinery  
  15  0:40  SCV  
  16  0:44  Barracks  
  16  0:52  SCV  
  17  1:04  SCV  
  18  1:16  SCV  
  19  1:31  Orbital Command, Reaper  
  20  1:48  Command Center  
  20  1:58  SCV  
  21  2:03  Factory  
  21  2:06  Barracks Reactor  
  21  2:10  SCV  
  22  2:19  Supply Depot  
  22  2:22  SCV  
  23  2:23  Refinery  
  23  2:41  SCV  
  23  2:44  Marine x2  
  24  2:49  Starport  
  26  2:51  Widow Mine  
  26  2:53  SCV  
  29  3:00  Orbital Command  
  29  3:05  SCV, Marine x2  
  32  3:18  SCV  
  33  3:21  Refinery, Factory Tech Lab  
  33  3:25  Marine x2  
  35  3:27  SCV  
  35  3:31  SCV  
  37  3:41  SCV  
  38  3:43  Marine x2, Raven  
  38  3:47  Supply Depot  
  42  3:51  SCV  
  42  3:53  SCV  
  44  4:01  Fusion Core  
  44  4:03  Marine x2  
  44  4:08  SCV  
  44  4:09  SCV  
  48  4:13  Supply Depot  
  48  4:15  Widow Mine  
  50  4:17  Liberator  
  50  4:21  SCV x2  
  50  4:23  Marine  
  50  4:24  Marine  
  54  4:35  SCV, Supply Depot  
  54  4:37  SCV  
  59  4:45  Supply Depot  
  59  4:47  Advanced Ballistics  
  59  4:50  Factory Tech Lab  
  59  4:51  SCV x2  
  61  4:56  Marine x2  
  61  4:57  Refinery  
  63  5:03  SCV x2  
  63  5:14  Marine x2  
  63  5:15  SCV x2  
  63  5:19  Siege Tank, Viking  
  72  5:28  SCV x2, Engineering Bay  
  74  5:29  Supply Depot  
  74  5:34  Marine x2  
  76  5:43  Supply Depot  
  72  5:51  Siege Tank  
  68  5:57  SCV x2  
  68  6:02  Viking  
  68  6:12  SCV x2  
  68  6:18  Marine x2  
  68  6:24  Siege Tank, Supply Depot  
  70  6:27  SCV x2  
  72  6:35  Liberator  
  72  6:37  Marine x2  
  72  6:43  Barracks  
  72  6:44  Barracks  
  72  6:46  SCV x2  
  68  7:00  SCV  
  69  7:01  Marine  
  69  7:07  SCV  
  66  7:11  Marine  
  66  7:12  SCV  
  65  7:20  SCV  
  66  7:24  SCV  
  67  7:31  Barracks Tech Lab, Terran Infantry Weapons Level 1  
  67  7:32  Barracks Tech Lab, SCV  
  67  7:36  SCV  
  69  7:37  Refinery  
  69  7:44  Liberator, SCV  
  70  7:48  SCV  
  70  7:49  Missile Turret  
  71  7:56  SCV, Missile Turret  
  72  8:00  SCV  
  76  8:08  SCV  
  76  8:11  Command Center  
  77  8:13  SCV  
  78  8:20  SCV  
  78  8:22  Siege Tank  
  78  8:25  SCV  
  83  8:27  Marine x2  
  83  8:28  Marine  
  83  8:29  Stimpack, Liberator  
  83  8:32  SCV  
  87  8:37  SCV  
  85  8:44  SCV  
  89  8:49  SCV, Barracks  
  89  8:52  Barracks  
  89  8:54  Marine x2, Supply Depot  
  89  8:55  Supply Depot  
  92  8:56  SCV, Marine  
  92  9:02  Siege Tank  
  94  9:16  Marauder, Marine x2, SCV x2  
  100  9:18  Missile Turret  
  100  9:20  Missile Turret  
  100  9:22  Missile Turret  
  100  9:28  SCV x2  
  102  9:34  Marauder  
  102  9:36  Siege Tank  
  102  9:37  Barracks Tech Lab  
  107  9:40  Barracks Reactor, SCV  
  107  9:41  Engineering Bay, Armory  
  108  9:52  SCV x2  
  114  9:53  Marauder x2  
  114  9:54  Medivac x2  
  114  9:55  Marauder  
  120  10:03  Orbital Command  
  114  10:08  Siege Tank, SCV x2  
  114  10:12  Refinery x2  
  119  10:20  SCV x2  
  121  10:23  Supply Depot  
  121  10:24  Supply Depot  
  121  10:26  Supply Depot  
  121  10:27  Combat Shields  
  121  10:29  Terran Infantry Weapons Level 2  
  121  10:33  SCV x3  
  124  10:36  Marine  
  125  10:44  Marine x4  
  125  10:45  Marauder  
  125  10:48  Siege Tank  
  134  10:52  Terran Infantry Armor Level 1, Supply Depot  
  134  10:54  Marine  
  135  11:02  Command Center  
  135  11:10  Marauder x2  
  135  11:11  Marauder  
  141  11:17  Supply Depot  
  141  11:22  Marine x3  
  144  11:27  Barracks  
  144  11:31  Marine, Medivac  
  144  11:32  Marauder x2  
  147  11:41  Marauder  
  147  11:43  Ghost Academy  
  147  11:44  Barracks  
  149  11:50  Marauder  
  149  11:53  Marauder  
  153  12:05  Marauder x2, Marine x2  
  159  12:08  Supply Depot  
  159  12:11  Marauder  
  161  12:17  Marauder, Barracks Tech Lab, Starport  
  161  12:18  Liberator x2, Starport  
  163  12:26  Marauder  
  163  12:27  Ghost  
  165  12:32  Ghost  
  173  12:42  Marauder x2, Marine x3  
  180  12:47  Marauder  
  180  12:48  Refinery  
  180  12:49  Refinery  
  182  12:55  Ghost  
  178  13:00  Marine  
  178  13:01  Marauder  
  178  13:02  Marine  
  178  13:03  Marauder, Marine, Missile Turret  
  184  13:07  Marine  
  184  13:09  Marauder  
  185  13:18  Marine  
  143  13:20  Marine  
  143  13:26  SCV x2  
Show
View Real Time Build Order
Export as new Build Order

Hymy Protoss 

Build Orders: 1 Gate Expand 

Get SALT Encoding   

  12  0:01  Probe (Chrono Boost)  
  13  0:11  Probe (Chrono Boost)  
  14  0:17  Pylon  
  14  0:22  Probe (Chrono Boost)  
  16  0:35  Probe (Chrono Boost)  
  16  0:37  Gateway  
  16  0:46  Probe (Chrono Boost)  
  16  0:47  Assimilator  
  17  0:57  Probe (Chrono Boost)  
  18  1:07  Probe (Chrono Boost)  
  19  1:18  Probe (Chrono Boost)  
  20  1:28  Nexus  
  20  1:35  Cybernetics Core  
  20  1:37  Probe (Chrono Boost)  
  21  1:45  Assimilator  
  21  1:48  Probe (Chrono Boost)  
  22  1:56  Pylon  
  22  1:59  Probe (Chrono Boost)  
  23  2:12  Warp Gate  
  23  2:14  Probe, Adept (Chrono Boost)  
  26  2:21  Twilight Council  
  26  2:26  Probe  
  27  2:38  Adept (Chrono Boost)  
  27  2:44  Probe x2  
  31  2:54  Probe  
  31  2:57  Probe  
  33  2:59  Resonating Glaives (Chrono Boost)  
  33  3:06  Robotics Facility  
  33  3:10  Probe  
  33  3:11  Probe  
  35  3:21  Probe  
  35  3:22  Gateway  
  35  3:26  Gateway  
  36  3:31  Probe  
  37  3:35  Mothership Core  
  39  3:41  Gateway  
  39  3:47  Gateway  
  39  3:53  Gateway  
  39  3:57  Warp Prism (Chrono Boost)  
  41  4:05  Pylon  
  41  4:13  Pylon  
  41  4:20  Stalker, Gateway  
  43  4:29  Adept x2  
  43  4:30  Warp Prism  
  49  4:42  Probe (Chrono Boost)  
  49  4:44  Probe (Chrono Boost)  
  49  4:45  Pylon  
  51  4:56  Pylon  
  47  5:20  Adept x5  
  47  5:21  Adept  
  60  5:30  Probe (Chrono Boost)  
  60  5:31  Probe (Chrono Boost)  
  60  5:34  Pylon  
  61  5:36  Assimilator  
  61  5:44  Adept x5  
  61  5:45  Adept  
  65  6:00  Adept  
  59  6:09  Adept  
  59  6:10  Adept x5  
  71  6:13  Probe (Chrono Boost)  
  71  6:14  Probe (Chrono Boost)  
  73  6:23  Probe (Chrono Boost)  
  67  6:25  Adept  
  67  6:26  Probe (Chrono Boost)  
  67  6:29  Blink (Chrono Boost)  
  67  6:34  Probe (Chrono Boost), Adept  
  67  6:35  Adept  
  67  6:38  Probe (Chrono Boost)  
  69  6:44  Probe (Chrono Boost), Assimilator  
  62  6:51  Probe (Chrono Boost)  
  61  6:55  Probe (Chrono Boost), Immortal  
  63  7:03  Probe (Chrono Boost)  
  63  7:05  Probe (Chrono Boost)  
  60  7:13  Adept x3  
  60  7:15  Probe (Chrono Boost)  
  65  7:16  Probe (Chrono Boost)  
  65  7:22  Sentry  
  68  7:31  Pylon, Nexus  
  68  7:32  Stalker  
  68  7:33  Sentry x2  
  68  7:34  Observer  
  75  7:47  Forge  
  75  7:51  Stalker x3  
  81  8:01  Adept x3  
  83  8:09  Stargate  
  83  8:12  Pylon  
  83  8:33  Adept x4  
  69  8:47  Assimilator  
  69  9:04  Probe  
  70  9:10  Probe  
  70  9:14  Probe  
  72  9:18  Probe  
  72  9:21  Phoenix (Chrono Boost)  
  72  9:22  Probe  
  76  9:25  Probe  
  75  9:35  Probe  
  76  9:41  Adept x2  
  77  10:05  Adept x5  
  77  10:07  Probe  
  88  10:13  Immortal  
  88  10:15  Sentry x2  
  88  10:19  Probe  
  97  10:27  Probe  
  98  10:29  Probe, Templar Archives  
  98  10:33  Assimilator  
  98  10:34  Probe  
  100  10:39  Probe  
  100  10:40  Probe  
  102  10:48  Warp Prism  
  102  10:53  Dark Shrine  
  102  10:57  Probe x2  
  107  11:04  Protoss Ground Weapons Level 1 (Chrono Boost)  
  107  11:08  Zealot x2, High Templar x2  
  114  11:14  Archon  
  113  11:24  Photon Cannon  
  112  11:28  Zealot x2  
  116  11:33  Probe  
  113  11:43  Pylon  
  113  11:46  Pylon  
  111  12:02  Probe  
  111  12:06  Dark Templar x2  
  116  12:09  Zealot, Pylon  
  116  12:10  Pylon  
  118  12:21  Pylon  
  118  12:28  Zealot, Dark Templar  
  120  12:37  Zealot x3, Probe  
  122  12:40  Probe  
  128  12:46  Gateway  
  128  12:48  Probe  
  128  12:49  Gateway  
  122  13:00  Dark Templar x2  
  122  13:04  Dark Templar x2  
  118  13:19  Zealot x3  
  54  13:34  Zealot  
Tags
 
Add a new tag
Caveats
  • Supply blocks, unpowered buildings, or Contaminate may cause inaccurate times.
  • Supply counts are checked every 10 seconds.